 Dungeon Crawl Stone Soup version 0.27-a0-216-g1fbed8a51c (webtiles) character file.

Game seed: 14591240649793251053

400 iamserjio the Skirmisher (level 6, -3/53 HPs)
             Began as a Gnoll Abyssal Knight on Jan 31, 2021.
             Was a Believer of Lugonu.
             Slain by a bullfrog (7 damage)
             ... on level 6 of the Dungeon.
             The game lasted 00:07:11 (1291 turns).

iamserjio the Skirmisher (Gnoll Abyssal Knight)     Turns: 1291, Time: 00:07:11

Health: -3/53      AC:  8    Str: 11    XL:     6   Next: 84%
Magic:  9/9        EV: 11    Int: 14    God:    Lugonu [**....]
Gold:   98         SH:  0    Dex: 11    Spells: 9/9 levels left

rFire    . . .     SeeInvis .   p - +2 dagger (venom)
rCold    . . .     Faith    .   (no shield)
rNeg     . . .     Spirit   .   q - +0 ring mail
rPois    .         Reflect  .   r - +1 hat
rElec    .         Harm     .   (no cloak)
rCorr    .         Rampage  .   (no gloves)
Will     .....     Clarity  +   o - +0 pair of boots
Stlth    +.........             (no amulet)
HPRegen  0.17/turn              i - ring of wizardry
MPRegen  0.11/turn              (no ring)

@: flying
A: distributed training, fangs 1, horns 1, clarity, strong nose
a: Renounce Religion, Depart the Abyss, Bend Space


You were on level 6 of the Dungeon.
You worshipped Lugonu.
Lugonu was pleased with you.
You visited 1 branch of the dungeon, and saw 7 of its levels.
You visited the Abyss 1 time.

You collected 98 gold pieces.

Inventory:

Hand Weapons
 a - a +1 falchion
 c - a +0 short sword of venom
 p - a +2 dagger of venom (weapon)
 t - a +0 halberd
Missiles
 k - 16 arrows
 x - 28 poisoned darts
Armour
 b - a +0 leather armour
 o - a +0 pair of boots (worn)
 q - a +0 ring mail (worn)
 r - a +1 hat (worn)
Jewellery
 i - a ring of wizardry (left hand)
 s - an uncursed ring of wizardry
Scrolls
 e - 3 scrolls of identify {unknown}
 f - a scroll of teleportation {@r3}
 g - 2 scrolls of amnesia {unknown}
 l - a scroll of magic mapping {unknown}
 n - 5 scrolls of remove curse {unknown}
 u - a scroll of immolation {unknown}
 y - a scroll of random uselessness {unknown}
Potions
 d - a potion of curing {@q1}
 h - a potion of heal wounds {unknown}
 j - a potion of mutation
 m - a potion of resistance {unknown}
 v - a potion of attraction {unknown}
 z - a potion of berserk rage {unknown}


   Skills:
 + Level 6.9 Fighting
 + Level 2.1 Short Blades
 + Level 5.0 Long Blades
 + Level 2.1 Axes
 + Level 2.1 Maces & Flails
 + Level 2.1 Polearms
 + Level 2.1 Staves
 + Level 2.1 Slings
 + Level 2.1 Bows
 + Level 2.1 Crossbows
 + Level 2.1 Throwing
 + Level 5.0 Armour
 + Level 3.3 Dodging
 + Level 2.1 Stealth
 + Level 2.1 Shields
 + Level 2.1 Unarmed Combat
 + Level 2.1 Spellcasting
 + Level 1.7 Conjurations
 + Level 1.7 Hexes
 + Level 1.7 Summonings
 + Level 1.7 Necromancy
 + Level 1.7 Translocations
 + Level 1.7 Transmutations
 + Level 1.7 Fire Magic
 + Level 1.7 Ice Magic
 + Level 1.7 Air Magic
 + Level 1.7 Earth Magic
 + Level 1.7 Poison Magic
 + Level 5.2 Invocations
 + Level 2.1 Evocations


You had 9 spell levels left.
You didn't know any spells.
Your spell library was empty.

Dungeon Overview and Level Annotations

Branches:
Dungeon (7/15)
 Temple: D:4-7

Altars:
Ashenzari
Elyvilon
Gozag
Kikubaaqudgha
Nemelex Xobeh

Annotations:
D:2 Terence
D:6 Pikel, Prince Ribbit


Innate Abilities, Weirdness & Mutations

Your experience applies equally to all skills.
You have very sharp teeth.
Your uncanny sense of smell can sniff out nearby items.
You have a pair of small horns on your head.
You possess an exceptional clarity of mind.


Message History

x - 28 poisoned darts (gained 15)
The bullfrog gives a loud, deep croak!
An ufetubus comes into view.
You see here 10 gold pieces.
You now have 98 gold pieces (gained 10).
The bullfrog hits you but does no damage.
You hit the bullfrog. The bullfrog closely misses you.
You barely miss the bullfrog. The bullfrog hits you.
* * * LOW HITPOINT WARNING * * *
You closely miss the bullfrog. Your bite misses the bullfrog.
The bullfrog barely misses you.
The bullfrog hits you but does no damage.
Okay, then.
It was a potion of mutation.
You feel extremely strange.
Your thoughts seem clearer.
A pair of horns grows on your head!
The bullfrog hits you but does no damage.
It was a potion of flight.
You feel very buoyant.
You fly up into the air.
The bullfrog hits you!
You die...

#..............
#..............
#..............
#..............
#..............
##########.....#'######.
...............#.#
...............#.#
.........F@....#)######
..5............#......#
...............#......+
....(.........##......#
.....5........##......#
........$.....##..[...#
..............#########
.........(#####


You could see a bullfrog and an ufetubus.

Vanquished Creatures
  An orc warrior (D:6)
  A scorpion (D:7)
  A hound (D:4)
  A bullfrog skeleton (D:7)
  An iguana (D:4)
  An orc wizard (D:3)
  A worker ant (D:5)
  3 adders
  A white imp (D:6)
  2 oozes
  3 worms
  2 dart slugs
  2 leopard geckos
  4 orcs
  3 giant cockroaches
  3 goblins
  6 hobgoblins
  13 jackals
  5 kobolds
  A quokka (D:4)
  A ball python (D:3)
  A bat (D:2)
  4 rats
61 creatures vanquished.

Notes
Turn   | Place    | Note
-------+----------+-------------------------------------------
     0 | Abyss:1  | iamserjio the Gnoll Abyssal Knight began the quest for the
                  | Orb.
     0 | Abyss:1  | Reached XP level 1. HP: 23/23 MP: 3/3
    29 | Abyss:1  | Noticed a worldbinder
    30 | Abyss:1  | Noticed a mana viper
    30 | Abyss:1  | Noticed a naga
    32 | D:1      | Escaped the Abyss
    75 | D:1      | Reached XP level 2. HP: 19/29 MP: 5/5
    85 | D:1      | Reached * piety under Lugonu
   173 | D:2      | Found a broken altar of Ashenzari.
   181 | D:2      | Found an ancient bone altar of Kikubaaqudgha.
   242 | D:3      | Reached XP level 3. HP: 28/35 MP: 6/6
   334 | D:2      | Found a white marble altar of Elyvilon.
   405 | D:3      | Reached ** piety under Lugonu
   409 | D:3      | Reached skill level 1 in Short Blades
   409 | D:3      | Reached skill level 1 in Axes
   409 | D:3      | Reached skill level 1 in Maces & Flails
   409 | D:3      | Reached skill level 1 in Polearms
   409 | D:3      | Reached skill level 1 in Staves
   409 | D:3      | Reached skill level 1 in Slings
   409 | D:3      | Reached skill level 1 in Bows
   409 | D:3      | Reached skill level 1 in Crossbows
   409 | D:3      | Reached skill level 1 in Throwing
   409 | D:3      | Reached skill level 1 in Stealth
   409 | D:3      | Reached skill level 1 in Shields
   409 | D:3      | Reached skill level 1 in Unarmed Combat
   409 | D:3      | Reached skill level 1 in Spellcasting
   409 | D:3      | Reached skill level 1 in Evocations
   427 | D:2      | Reached XP level 4. HP: 26/41 MP: 7/7
   434 | D:2      | Noticed Terence
   445 | D:2      | Found a sparkling altar of Nemelex Xobeh.
   529 | D:3      | Reached skill level 1 in Conjurations
   529 | D:3      | Reached skill level 1 in Hexes
   529 | D:3      | Reached skill level 1 in Summonings
   529 | D:3      | Reached skill level 1 in Necromancy
   529 | D:3      | Reached skill level 1 in Translocations
   529 | D:3      | Reached skill level 1 in Transmutations
   529 | D:3      | Reached skill level 1 in Fire Magic
   529 | D:3      | Reached skill level 1 in Ice Magic
   529 | D:3      | Reached skill level 1 in Air Magic
   529 | D:3      | Reached skill level 1 in Earth Magic
   529 | D:3      | Reached skill level 1 in Poison Magic
   818 | D:4      | Reached XP level 5. HP: 34/47 MP: 8/8
   877 | D:4      | Found an opulent altar of Gozag.
   879 | D:4      | Noticed a phantom
   921 | D:5      | Entered Level 5 of the Dungeon
  1029 | D:6      | Noticed an orc warrior
  1054 | D:6      | Killed an orc warrior
  1055 | D:6      | Reached skill level 5 in Invocations
  1055 | D:6      | Reached XP level 6. HP: 23/53 MP: 9/9
  1066 | D:6      | You fall into a shaft and drop 1 floor!
  1074 | D:7      | Reached skill level 5 in Long Blades
  1074 | D:7      | Reached skill level 5 in Armour
  1229 | D:6      | Noticed Pikel
  1254 | D:6      | Noticed Prince Ribbit
  1254 | D:6      | HP: 2/53 [Prince Ribbit (5)]
  1255 | D:6      | Noticed an orc warrior
  1290 | D:6      | Gained mutation: You possess an exceptional clarity of
                  | mind. [potion of mutation]
  1290 | D:6      | Gained mutation: You have a pair of small horns on your
                  | head. [potion of mutation]
  1291 | D:6      | Slain by a bullfrog

Illustrated notes

Levels and vault maps discovered:
D:1:      tarquinn_simple_flora_water_e, layout_rooms,
          chequers_serial_rivers_small_b
D:2:      layout_basic, nicolae_overflow_hidden_temple,
          nicolae_overflow_quartered_altars, zin_treasury, nrook_mini_backslash,
          uniq_terence
D:3:      layout_loops_ring
D:4:      wander_river, layout_loops_corners, minmay_overflow_temple_star_hex,
          nzn_wu_jian_council_hall, general_overflow_altar
D:5:      layout_loops_corners, minmay_temple_entry_proselytizer,
          serial_bayou_lake_a
D:6:      layout_basic, uniq_pikel, uniq_prince_ribbit1
D:7:      layout_gridville, hangedman_decor_riveting, grunt_decor_cap

Skill      XL: |  1  2  3  4  5  6 |
---------------+-------------------+-----
Short Blades   | 1 2 |  2.1
Axes           | 1 2 |  2.1
Maces & Flails | 1 2 |  2.1
Polearms       | 1 2 |  2.1
Staves         | 1 2 |  2.1
Slings         | 1 2 |  2.1
Bows           | 1 2 |  2.1
Crossbows      | 1 2 |  2.1
Throwing       | 1 2 |  2.1
Stealth        | 1 2 |  2.1
Shields        | 1 2 |  2.1
Unarmed Combat | 1 2 |  2.1
Spellcasting   | 1 2 |  2.1
Evocations     | 1 2 |  2.1
Conjurations   | 1 |  1.7
Hexes          | 1 |  1.7
Summonings     | 1 |  1.7
Necromancy     | 1 |  1.7
Translocations | 1 |  1.7
Transmutations | 1 |  1.7
Fire Magic     | 1 |  1.7
Ice Magic      | 1 |  1.7
Air Magic      | 1 |  1.7
Earth Magic    | 1 |  1.7
Poison Magic   | 1 |  1.7
Dodging        | 3 |  3.3
Invocations    | 5 |  5.2
Long Blades    | 5 |  5.0
Armour         | 5 |  5.0
Fighting       | |  6.9

Action                   |  1- 3 |  4- 6 || total
-------------------------+-------+-------++-------
Melee: Falchion          |    18 |     4 ||    22
       Bite              |     7 |    18 ||    25
       Short sword       |    76 |    28 ||   104
       Dagger            |       |    90 ||    90
Invok: Depart the Abyss  |     1 |       ||     1
  Use: Potion            |       |     4 ||     4
       Scroll            |       |     1 ||     1
Armor: Leather armour    |    22 |    10 ||    32
       Ring mail         |       |    30 ||    30
Dodge: Dodged            |    79 |    40 ||   119
       Rpst.: Falchion   |     5 |     2 ||     7

Table legend: (Time is in decaauts)
 A = Elapsed time spent in this place.
 B = Non-inter-level travel time spent in this place.
 C = Inter-level travel time spent in this place.
 D = Time resting spent in this place.
 E = Time spent auto-exploring this place.
 F = Levels seen in this place.
 G = Mean time per level.
                   A        B        C        D        E       F      G
               +--------+--------+--------+--------+--------+-----+--------+
         Total |   1295 |   1214 |     81 |      0 |      0 |   8 |  161.9 |
       Dungeon |   1263 |   1182 |     81 |      0 |      0 |   7 |  180.4 |
         Abyss |     32 |     32 |      0 |      0 |      0 |   1 |   32.0 |
               +--------+--------+--------+--------+--------+-----+--------+

Top non-repeatable levels by time:
     D:3: 482 daAuts
     D:7: 157 daAuts
     D:4: 147 daAuts
     D:1: 145 daAuts
     D:2: 128 daAuts
     D:6: 111 daAuts
     D:5: 89 daAuts
 Abyss:1: 32 daAuts
